 Dungeon Crawl Stone Soup version 0.25-a0-404-gc1b5a34292 (webtiles) character file.

Game seed: 10702603097248450367, levelgen mode: deterministic

93330 Essalna the Destroyer (level 16, -1/101 HPs)
             Began as a Gargoyle Fire Elementalist on Jan 11, 2020.
             Was the Champion of Vehumet.
             Slain by an alligator (3 damage)
             ... led by an alligator
             ... on level 1 of the Swamp on Jan 12, 2020.
             The game lasted 02:18:17 (30224 turns).

Essalna the Destroyer (Gargoyle Fire Elementalist) Turns: 30224, Time: 02:18:17

Health: -1/101     AC: 26    Str: 23    XL:     16   Next: 8%
Magic:  29/41      EV: 16    Int: 31    God:    Vehumet [******]
Gold:   2137       SH:  6    Dex:  8    Spells: 4/39 levels left

rFire    + . .     SeeInvis +   Z - +7 hand axe of Cemut {flame, -Tele rC+++ rN+ SInv}
rCold    + + +     Gourm    .   J - +2 buckler {reflect}
rNeg     + + .     Faith    .   e - +3 leather armour of Sotypt {rF+ Str+4}
rPois    ∞         Spirit   .   O - +2 hat {Int+3}
rElec    +         Reflect  +   q - +2 cloak
rCorr    .         Harm     .   (no gloves)
MR       +....     NoTele   +   (no boots)
Stlth    +.........             z - amulet of magic regeneration
HPRegen  0.26/turn              y - ring of magical power
MPRegen  0.52/turn              n - ring of Aweh {rElec Str+6 Int+6 Dex-2}

@: flying
A: big wings, hooves 1, thin metallic scales 1, negative energy resistance 1,
electricity resistance, wild magic 1, unbreathing, petrification resistance, rot
immunity, AC +12
a: Stop Flying, Renounce Religion


You were on level 1 of the Swamp.
You worshipped Vehumet.
Vehumet was exalted by your worship.
You were not hungry.

You visited 5 branches of the dungeon, and saw 25 of its levels.
You also visited: Bailey.

You collected 2570 gold pieces.
You spent 433 gold pieces at shops.

Inventory:

Hand Weapons
 x - the +7 dagger of Cheibriados's Esteem {pierce, rElec rC+}
   (You took it off an orc on level 4 of the Dungeon)

   It inflicts extra damage upon your enemies.
   It protects you from cold.
   It insulates you from electricity.
 Z - the +7 hand axe of Cemut (weapon) {flame, -Tele rC+++ rN+ SInv}
   (You found it on level 3 of the Lair of Beasts)

   It has been specially enchanted to burn those struck by it, causing extra
   injury to most foes and up to half again as much damage against particularly
   susceptible opponents.
   Big, fiery blades are also staple armaments of hydra-hunters.
   It renders you almost immune to cold.
   It protects you from negative energy.
   It lets you see invisible.
   It prevents most forms of teleportation.
Armour
 b - a scarf of repulsion
 e - the +3 leather armour of Sotypt (worn) {rF+ Str+4}
   (You found it on level 3 of the Lair of Beasts)

   It affects your strength (+4).
   It protects you from fire.
 q - a +2 cloak (worn)
 B - the +0 robe of the Apprentice {MR+ Slay+5}
   (You bought it in a shop on level 5 of the Dungeon)

   It affects your accuracy and damage with ranged weapons and melee attacks
   (+5).
   It affects your resistance to hostile enchantments.
 D - a +1 cloak of invisibility
 J - a +2 buckler of reflection (worn)
 O - a +2 hat of intelligence (worn)
Jewellery
 f - an uncursed ring of positive energy
 i - a cursed ring of teleportation {unknown}
 m - an uncursed ring of see invisible {unknown}
 n - the ring of Aweh (right hand) {rElec Str+6 Int+6 Dex-2}
   (You found it on level 3 of the Lair of Beasts)

   [ring of intelligence]

   It affects your strength (+6).
   It affects your intelligence (+6).
   It affects your dexterity (-2).
   It insulates you from electricity.
 y - a ring of magical power (left hand)
 z - an amulet of magic regeneration (around neck)
 E - a cursed -3 ring of slaying {unknown}
 L - a cursed ring of attention {unknown}
 T - an uncursed ring of stealth {unknown}
 V - an uncursed ring of fire {unknown}
 Y - an uncursed ring of see invisible {unknown}
Wands
 d - a wand of scattershot (11)
 s - a wand of random effects (20)
 F - a wand of iceblast (13)
Scrolls
 g - 2 scrolls of enchant armour
 h - 4 scrolls of immolation
 j - 2 scrolls of enchant weapon
 l - a scroll of fog
 o - a scroll of blinking
 p - 13 scrolls of remove curse
 v - a scroll of fear
 w - a scroll of holy word
 I - 7 scrolls of identify
 Q - a scroll of magic mapping
 U - 4 scrolls of amnesia
 W - 6 scrolls of teleportation
Potions
 k - 8 potions of flight
 r - 4 potions of berserk rage
 t - 6 potions of haste
 u - 3 potions of might
 A - a potion of invisibility {unknown}
 C - 4 potions of heal wounds {unknown}
 G - 2 potions of resistance {unknown}
 H - 3 potions of brilliance
 M - 2 potions of magic
 P - 4 potions of agility
 S - a potion of curing
Miscellaneous
 N - a crystal ball of energy
Comestibles
 c - 42 rations


   Skills:
 - Level 12.0 Fighting
 - Level 6.0 Armour
 - Level 10.1 Dodging
 - Level 2.1 Stealth
 - Level 4.0 Shields
 + Level 12.0 Spellcasting
 + Level 13.5 Conjurations
 + Level 6.0 Summonings
 - Level 12.2 Fire Magic


You had 4 spell levels left.
You knew the following spells:

 Your Spells              Type           Power        Failure   Level  Hunger
a - Foxfire               Conj/Fire      ####         1%          1    None
b - Sticky Flame          Conj/Fire      #######.     1%          4    None
c - Fireball              Conj/Fire      #######...   1%          5    ##.....
d - Iskenderun's Battles  Conj/Chrm      ######..     2%          5    ##.....
e - Spellforged Servitor  Conj/Summ      #######...   16%         7    ######.
f - Iron Shot             Conj/Erth      ######....   11%         6    ####...
g - Orb of Destruction    Conj           #######...   4%          7    ######.

Your spell library contained the following spells:

 Spells                   Type           Power        Failure   Level  Hunger
 Sandblast                Erth           ###...       1%          1    None
 Summon Butterflies       Summ           ######..     1%          1    None
 Conjure Flame            Conj/Fire      #######.     1%          3    None
 Ignite Poison            Fire/Tmut/Pois ######..     1%          3    None
 Inner Flame              Hex/Fire       ######..     1%          3    None
 Mephitic Cloud           Conj/Pois/Air  ######..     1%          3    None
 Stone Arrow              Conj/Erth      ######       1%          3    None
 Apportation              Tloc           ###...       5%          1    None
 Beastly Appendage        Tmut           ###...       5%          1    None
 Sting                    Tmut/Pois      ###.         5%          1    None
 Passwall                 Tmut/Erth      ###.....     7%          2    None
 Poisonous Vapours        Pois/Air       ###...       7%          2    None
 Sticks to Snakes         Tmut           ###.....     7%          2    None
 Olgreb's Toxic Radiance  Pois           ###.....     11%         4    None
 Gell's Gravitas          Tloc           ###.......   13%         3    None
 Lesser Beckoning         Tloc           ###.......   13%         3    None
 Portal Projectile        Hex/Tloc       ###...       13%         3    None
 Spider Form              Tmut/Pois      ###.......   13%         3    None
 Tukima's Dance           Hex            ###.....     13%         3    None
 Ice Form                 Ice/Tmut       ###.....     36%         4    None
 Petrify                  Tmut/Erth      ###.....     36%         4    None
 Lee's Rapid Deconstruct  Erth           ###.......   26%         5    ##.....
 Alistair's Intoxication  Tmut/Pois      ###.....     71%         5    ##.....
 Blade Hands              Tmut           ###.......   71%         5    ##.....
 Dispersal                Tloc           ###.......   99%         6    ####...
 Invisibility             Hex            ###.....     99%         6    ####...
 Controlled Blink         Tloc           N/A          100%        8    #######
 Disjunction              Tloc           ###.......   100%        8    #######


Dungeon Overview and Level Annotations

Branches:
Dungeon (15/15)            Temple (1/1) D:7            Lair (6/6) D:9
  Swamp (1/4) Lair:3        Snake (0/4) Lair:4        Slime (0/5) Lair:6
    Orc (2/2) D:10            Elf (0/3) Orc:2        Vaults (0/5) D:13
 Depths (0/5) D:15         Bailey (visited)

Altars:
Ashenzari
Cheibriados
Dithmenos
Elyvilon
Fedhas
Gozag
Hepliaklqana
Kikubaaqudgha
Makhleb
Nemelex Xobeh
Okawaru
Qazlal
Ru
Sif Muna
Trog
Uskayaw
Vehumet
Wu Jian
Xom
Yredelemnul
Zin
The Shining One
Beogh

Shops:
D:5 [   D:9 :   D:10 ?   Orc:2 (([:

Annotations:
D:15 Roxanne
Lair:2 2 transporters, kroki's ghost, journeyman MfFi


Innate Abilities, Weirdness & Mutations

You are resistant to torment.
Your stone body is resilient. (AC +12)
You are immune to poison.
Your large and strong wings let you fly indefinitely.
You resist negative energy. (rN+)
You are resistant to electric shocks. (rElec)
You can survive without breathing.
You are immune to petrification.
You are immune to rotting.
You have large cloven feet.
You are partially covered in thin metallic scales. (AC +2)
Your spells are a little harder to cast, but a little more powerful.


Message History

The alligator bites you but does no damage.
The alligator closely misses you.
Your spellforged servitor conjures a glowing orb.
The wavering orb of destruction weakly hits the alligator!!
The alligator is blown up!
Vehumet accepts your kill.
You hear a splash. x2
Your Spellcasting skill increases to level 12!
The alligator puts on a burst of speed!
The alligator bites you!
* * * LOW HITPOINT WARNING * * *
The alligator tail-slaps you but does no damage.
The alligator barely misses you.
The alligator tail-slaps you but does no damage.
Okay, then.
Unknown command.
You cannot blink because you are wielding the +7 hand axe of Cemut {flame, -Tele rC+++ rN+ SInv}.
The alligator bites you but does no damage.
The alligator tail-slaps you.
You die...

♣.≈♣. ♣...
≈ ♣.≈≈ ..
♣♣♣≈≈≈
...♣....♣
♣..≈.≈♣
♣.≈≈..♣♣
...♣.@t♣♣
©.≈.≈..♣t.♣
.....♣.≈t.♣
.≈≈♣
♣..≈.♣♣ .≈
♣♣..≈..♣♣ .
♣....n.*♣
♣.≈≈w≈≈8♣
♣.≈≈≈.≈..♣
♣.≈≈≈.≈≈..♣


You could see 3 alligators, a tyrant leech, a bog body, a friendly spellforged
servitor and a friendly battlesphere.

Vanquished Creatures
  Rupert (Lair:6)
  Gastronok (Lair:1)
  Josephine (D:10)
  6 hydras
  Harold (Lair:1)
  A rakshasa (D:15)
  A catoblepas (Lair:6)
  An ice dragon (Lair:6)
  Fannar (Lair:3)
  A two-headed ogre (D:15)
  A death knight (D:11)
  2 centaur warriors (D:15)
  A tengu warrior (D:13)
  7 orc high priests (Orc:2)
  Urug (Orc:1)
  Sonja (Lair:4)
  A skeletal warrior (D:15)
  3 unseen horrors
  A lindwurm (Lair:6)
  2 phantasmal warriors
  13 ugly things
  An orc knight (Orc:1)
  2 deep elf magi
  An orc sorcerer (Orc:2)
  A wolf spider (D:15)
  A wolf spider (shapeshifter) (D:14)
  2 manticores
  4 cyclopes
  6 black mambas
  11 spiny frogs
  A gargoyle (D:15)
  27 elephants
  6 torpor snails
  2 rime drakes
  2 komodo dragons
  A kobold demonologist (D:15)
  2 polar bears
  A queen bee (D:11)
  5 trolls
  Grinder (D:5)
  4 tyrant leeches (Lair:6)
  7 hornets
  7 slime creatures
  19 blink frogs
  A dream sheep (shapeshifter) (D:15)
  11 hippogriffs
  4 wyverns
  3 water elementals
  2 spriggans
  6 wraiths
  42 yaks
  2 basilisks
  A steam dragon (D:8)
  3 hungry ghosts
  4 vampire mosquitoes (D:15)
  7 wargs
  2 acid dragons (D:13)
  Duvessa (D:6)
  11 porcupines
  9 water moccasins
  3 black bears (D:9)
  17 orc warriors
  2 sky beasts
  9 ice beasts
  3 phantoms
  An eye of draining (D:14)
  10 ogres
  3 necrophages
  28 centaurs
  12 wolves
  7 crocodiles
  4 big kobolds
  14 bullfrogs
  Blork the orc (D:5)
  A gnoll sergeant (Orc:1)
  9 scorpions
  Dowan (D:6)
  44 killer bees
  A water moccasin skeleton (D:6)
  17 wights
  A howler monkey (D:8)
  A vampire bat (D:9)
  8 electric eels
  5 crimson imps
  A bullfrog zombie (D:8)
  2 centaur zombies
  6 hounds
  6 jellies
  46 orc priests
  Crazy Yiuf (D:5)
  3 centaur skeletons
  22 orc wizards
  3 bullfrog skeletons
  A gnoll shaman (D:4)
  4 iguanas
  10 worker ants
  A centaur simulacrum (D:11)
  A bullfrog simulacrum (D:11)
  A hound zombie (D:7)
  3 hound skeletons
  A worker ant zombie (D:10)
  17 gnolls
  18 adders
  A hound simulacrum (D:11)
  4 shadow imps
  2 white imps (D:11)
  2 ufetubi (D:11)
  2 oozes (D:3)
  3 adder zombies
  An adder skeleton (D:9)
  4 worms
  A dart slug (D:1)
  8 leopard geckos
  86 orcs
  3 ball pythons
  10 bats
  5 giant cockroaches
  4 goblins
  9 hobgoblins
  6 jackals
  5 quokkas
  14 frilled lizards
  20 kobolds
  7 rats
  7 fungi
  11 plants
835 creatures vanquished.

Vanquished Creatures (collateral kills)
  An alligator (Swamp:1)
  An orc knight (Orc:1)
  An orc (Orc:1)
3 creatures vanquished.

Vanquished Creatures (others)
  2258 foxfires
  81 fungi
  32 plants
2371 creatures vanquished.

Grand Total: 3209 creatures vanquished

Notes
Turn   | Place    | Note
-------+----------+-------------------------------------------
     0 | D:1      | Essalna the Gargoyle Fire Elementalist began the quest for
                  | the Orb.
     0 | D:1      | Reached XP level 1. HP: 10/10 MP: 3/3
   260 | D:1      | Reached XP level 2. HP: 7/15 MP: 1/5
   537 | D:1      | Reached skill level 2 in Conjurations
   743 | D:1      | Reached XP level 3. HP: 19/19 MP: 6/6
  1323 | D:2      | Reached skill level 3 in Conjurations
  1323 | D:2      | Reached XP level 4. HP: 24/24 MP: 0/7
  2260 | D:3      | Reached XP level 5. HP: 28/28 MP: 5/8
  2300 | D:3      | Reached skill level 1 in Fighting
  2498 | D:3      | Reached skill level 1 in Armour
  2680 | D:4      | Found a blossoming altar of Fedhas.
  3084 | D:4      | Reached XP level 6. HP: 22/34 MP: 1/9
  3103 | D:5      | Entered Level 5 of the Dungeon
  3103 | D:5      | Found Homiunih's Antique Armour Shoppe.
  3103 | D:5      | Noticed Duvessa
  3103 | D:5      | Noticed Dowan
  3477 | D:4      | Identified the +7 dagger of Cheibriados's Esteem {pierce,
                  | rElec rC+}
  3765 | D:4      | Learned a level 4 spell: Sticky Flame
  3884 | D:4      | Noticed a phantom
  3909 | D:4      | Killed a phantom
  3931 | D:5      | Reached skill level 4 in Conjurations
  3931 | D:5      | Reached XP level 7. HP: 18/40 MP: 0/11
  4111 | D:5      | Found a stormy altar of Qazlal.
  4114 | D:5      | Noticed an air elemental
  4114 | D:5      | Noticed a water elemental
  4469 | D:5      | Bought a dull robe for 142 gold pieces
  4479 | D:5      | Identified the +0 robe of the Apprentice {MR+ Slay+5} (You
                  | bought it in a shop on level 5 of the Dungeon)
  4505 | D:5      | Noticed Blork the orc
  4513 | D:5      | Killed Blork the orc
  4513 | D:5      | Reached skill level 5 in Fire Magic
  4552 | D:6      | Killed Dowan
  4559 | D:6      | Killed Duvessa
  4559 | D:6      | Reached XP level 8. HP: 12/46 MP: 1/13
  4983 | D:5      | Found an ornate altar of the Wu Jian Council.
  5002 | D:5      | Noticed Grinder
  5018 | D:5      | Killed Grinder
  5018 | D:5      | Reached skill level 5 in Conjurations
  5408 | D:5      | Found a runed translucent door.
  5409 | D:5      | Noticed Crazy Yiuf
  5414 | D:5      | Killed Crazy Yiuf
  5625 | D:6      | Found a hazy altar of Hepliaklqana.
  5644 | D:6      | Reached XP level 9. HP: 52/52 MP: 15/15
  6224 | D:6      | Noticed a troll
  6238 | D:6      | Killed a troll
  6238 | D:6      | Reached skill level 5 in Armour
  6238 | D:6      | Reached skill level 6 in Conjurations
  6509 | D:7      | Found a staircase to the Ecumenical Temple.
  6519 | Temple   | Entered the Ecumenical Temple
  6643 | D:7      | Reached skill level 5 in Fighting
  6928 | D:7      | HP: 2/54 [orc wizard/magic dart (6)]
  7250 | D:7      | Reached skill level 5 in Spellcasting
  7701 | D:7      | Found an iron altar of Okawaru.
  7701 | D:7      | Found a glowing silver altar of Zin.
  7713 | D:7      | Found a sacrificial altar of Ru.
  7820 | D:8      | Reached XP level 10. HP: 45/60 MP: 18/18
  7992 | D:8      | Reached skill level 5 in Dodging
  8139 | D:8      | Reached skill level 7 in Conjurations
  8249 | D:8      | Found a basalt altar of Yredelemnul.
  8250 | D:8      | Found a hazy altar of Hepliaklqana.
  8633 | D:8      | Found a shimmering blue altar of Sif Muna.
  8647 | D:8      | Found an ancient bone altar of Kikubaaqudgha.
  8669 | D:8      | Found a radiant altar of Vehumet.
  8686 | D:8      | Became a worshipper of Vehumet
  9021 | D:9      | Found a white marble altar of Elyvilon.
  9054 | D:9      | Reached * piety under Vehumet
  9054 | D:9      | Offered knowledge of Freeze by Vehumet.
  9203 | D:9      | Noticed a deep elf mage
  9211 | D:9      | Killed a deep elf mage
  9279 | D:9      | Found a flagged portal.
  9279 | D:9      | Found Gakhitzu's Book Emporium.
  9288 | Bailey   | Entered a bailey
  9330 | Bailey   | Reached XP level 11. HP: 28/67 MP: 20/20
  9527 | Bailey   | Found an iron altar of Okawaru.
  9527 | Bailey   | Noticed an orc high priest
  9785 | D:9      | You fall into a shaft and drop 1 floor!
  9785 | D:10     | Entered Level 10 of the Dungeon
  9802 | D:10     | Noticed Josephine
  9804 | D:10     | Reached skill level 8 in Conjurations
  9814 | D:10     | You fall into a shaft and drop 2 floors!
 10456 | D:11     | Reached ** piety under Vehumet
 10459 | D:11     | Offered knowledge of Searing Ray by Vehumet.
 10560 | D:11     | Found a gate leading to a gauntlet.
 10597 | D:11     | Noticed a cyclops
 10599 | D:11     | Noticed a seven-headed hydra
 10913 | D:12     | HP: 2/68 [orc warrior/+0 trident (11)]
 10915 | D:12     | Offered knowledge of Mephitic Cloud by Vehumet.
 11365 | D:12     | Noticed a seven-headed hydra
 11755 | D:10     | Killed Josephine
 11755 | D:10     | Reached *** piety under Vehumet
 12686 | D:9      | Found a staircase to the Lair.
 12954 | D:9      | Learned a level 5 spell: Fireball
 13026 | Lair:1   | Entered Level 1 of the Lair of Beasts
 13047 | Lair:1   | Offered knowledge of Airstrike by Vehumet.
 13052 | Lair:1   | Reached skill level 9 in Conjurations
 13217 | Lair:1   | Noticed Harold
 13223 | Lair:1   | Killed Harold
 13223 | Lair:1   | Reached skill level 1 in Shields
 13590 | Lair:1   | Reached XP level 12. HP: 73/75 MP: 23/23
 13903 | Lair:1   | Noticed Gastronok
 13928 | Lair:1   | Killed Gastronok
 14255 | Lair:2   | Noticed kroki's ghost (journeyman MfFi)
 14256 | Lair:2   | Identified the +7 trident of the Extremes {antimagic, Str+3
                  | SInv}
 14256 | Lair:2   | Noticed a spriggan rider
 14257 | Lair:2   | Found a transporter.
 14281 | Lair:2   | Found a bloodstained altar of Trog.
 14415 | Lair:2   | Reached **** piety under Vehumet
 14505 | Lair:2   | You fall into a shaft and drop 2 floors!
 14516 | Lair:4   | Offered knowledge of Iskenderun's Battlesphere by Vehumet.
 14526 | Lair:4   | Learned a level 5 spell: Iskenderun's Battlesphere
 15234 | Lair:3   | Noticed a seven-headed hydra
 15237 | Lair:3   | Found a staircase to the Swamp.
 15241 | Lair:3   | Killed a seven-headed hydra
 15241 | Lair:3   | Reached skill level 10 in Conjurations
 15248 | Lair:3   | Noticed Fannar
 15262 | Lair:3   | Killed Fannar
 15647 | Lair:2   | Reached XP level 13. HP: 82/82 MP: 25/25
 15666 | Lair:2   | Reached skill level 10 in Fire Magic
 15929 | Lair:2   | Reached skill level 10 in Fighting
 16093 | Lair:2   | Found a transporter.
 16620 | Lair:3   | Got a crude hand axe
 16759 | Lair:3   | Noticed a dire elephant
 17105 | Lair:3   | Got a turquoise-encrusted leather armour
 17116 | Lair:3   | Identified the +3 leather armour of Sotypt {rF+ Str+4} (You
                  | found it on level 3 of the Lair of Beasts)
 17282 | Lair:3   | Reached ***** piety under Vehumet
 17345 | Lair:3   | Got a coiled iron ring
 17347 | Lair:3   | Identified the ring of Aweh {rElec Str+6 Int+6 Dex-2} (You
                  | found it on level 3 of the Lair of Beasts)
 17617 | Lair:4   | Noticed Sonja
 17620 | Lair:4   | Offered knowledge of Lightning Bolt by Vehumet.
 17622 | Lair:4   | Killed Sonja
 17707 | Lair:4   | Reached skill level 11 in Conjurations
 18145 | Lair:4   | Found a staircase to the Snake Pit.
 18956 | Lair:5   | Gained mutation: Your large and strong wings let you fly
                  | indefinitely. [Gargoyle growth]
 18956 | Lair:5   | Reached XP level 14. HP: 90/90 MP: 24/27
 19301 | Lair:5   | Identified the +7 hand axe of Cemut {flame, -Tele rC+++ rN+
                  | SInv} (You found it on level 3 of the Lair of Beasts)
 19314 | Lair:5   | Found a bloodstained altar of Trog.
 19835 | Lair:6   | Entered Level 6 of the Lair of Beasts
 20150 | Lair:6   | Noticed Rupert
 20158 | Lair:6   | Killed Rupert
 20158 | Lair:6   | Reached skill level 10 in Spellcasting
 20253 | Lair:6   | Found a staircase to the Slime Pits.
 20514 | Lair:6   | Gained mutation: Your spells are a little harder to cast,
                  | but a little more powerful. [potion of mutation]
 20514 | Lair:6   | Gained mutation: You are partially covered in thin metallic
                  | scales. (AC +2) [potion of mutation]
 20514 | Lair:6   | Gained mutation: You have large cloven feet. [potion of
                  | mutation]
 20746 | Lair:6   | Reached skill level 12 in Conjurations
 20854 | Lair:6   | Found a runed translucent door.
 21861 | D:10     | Found a staircase to the Orcish Mines.
 22044 | D:10     | Found Behuham's Magic Scroll Shoppe.
 22516 | D:11     | Offered knowledge of Spellforged Servitor by Vehumet.
 22550 | D:11     | Learned a level 7 spell: Spellforged Servitor
 22913 | D:11     | Found a shimmering altar of Xom.
 22914 | D:11     | Found a shimmering altar of Xom.
 22915 | D:11     | Found a shimmering altar of Xom.
 22915 | D:11     | Found a shimmering altar of Xom.
 22915 | D:11     | Found a shimmering altar of Xom.
 22923 | D:11     | Found a shimmering altar of Xom.
 22930 | D:11     | Found a shimmering altar of Xom.
 23255 | D:12     | Reached skill level 1 in Summonings
 23255 | D:12     | Reached XP level 15. HP: 96/96 MP: 28/29
 23586 | D:13     | Reached ****** piety under Vehumet
 23974 | D:13     | Reached skill level 10 in Dodging
 24455 | D:13     | Found a gate to the Vaults.
 24984 | D:14     | Offered knowledge of Iron Shot by Vehumet.
 24994 | D:14     | Learned a level 6 spell: Iron Shot
 25148 | D:14     | You are sucked into a shaft and drop 1 floor!
 25148 | D:15     | Entered Level 15 of the Dungeon
 25298 | D:15     | Noticed Roxanne
 27141 | D:15     | Found a staircase to the Depths.
 27279 | D:15     | Reached skill level 13 in Conjurations
 27384 | D:15     | Reached skill level 5 in Summonings
 27859 | Orc:1    | Entered Level 1 of the Orcish Mines
 27869 | Orc:1    | Found a roughly hewn altar of Beogh.
 27978 | Orc:1    | Noticed Urug
 27984 | Orc:1    | Killed Urug
 28177 | Orc:2    | Entered Level 2 of the Orcish Mines
 28342 | Orc:1    | Found a runed translucent door.
 28531 | Orc:1    | Offered knowledge of Orb of Destruction by Vehumet.
 28548 | Orc:1    | Learned a level 7 spell: Orb of Destruction
 28567 | Orc:1    | Found a roughly hewn altar of Beogh.
 29390 | Orc:2    | Reached XP level 16. HP: 101/101 MP: 26/31
 29481 | Orc:2    | Found a staircase to the Elven Halls.
 29500 | Orc:2    | Found a roughly hewn altar of Beogh.
 29503 | Orc:2    | Paralysed by an orc sorcerer for 5 turns
 29614 | Orc:2    | Found Xick's Book Boutique.
 29614 | Orc:2    | Found Peistil's Antique Armour Shoppe.
 29627 | Orc:2    | Bought a runed buckler for 195 gold pieces
 29627 | Orc:2    | Bought a runed robe for 96 gold pieces
 29690 | Orc:2    | Found a roughly hewn altar of Beogh.
 29697 | Orc:2    | Found Veosurr's Weapon Boutique.
 29697 | Orc:2    | Found Goqyber's Weapon Shoppe.
 30214 | Swamp:1  | Entered Level 1 of the Swamp
 30223 | Swamp:1  | HP: 2/101 [alligator[an alligator] (13)]
 30224 | Swamp:1  | Slain by an alligator

Levels and vault maps discovered:
D:1:      elethiomel_arrival_shortcut, layout_basic, grunt_decor_fettered
D:2:      layout_basic, minmay_lizard_pond
D:3:      layout_basic, first_ration, minmay_checkerbox
D:4:      layout_loops_ring, fedhas_altar_2
D:5:      layout_basic, kennysheep_mini_moat, nicolae_qazlal_style_of_elements,
          serial_shops, shop, uniq_blork_the_orc, uniq_grinder,
          uniq_crazy_yiuf_cottage, uniq_duvessa
D:6:      layout_gridville, basic_altar
D:7:      layout_rooms, minitemple, minmay_temple_entry_trees, serial_curves,
          eino_curves_02, eino_curves_03, kennysheep_cluttered_room
D:8:      layout_rooms, palyth_temple_overflow_mages,
          gammafunk_temple_overflow_statue, nicolae_sextant
D:9:      layout_stronghold, elyvilon_altar_5, due_lair_maze_entry_diamond,
          enter_bailey_2, serial_shops, nicolae_shop_stone, dk_noncrumbling_3,
          the_bakery, roderic_batcave, guppyfry_early_elven_hall
D:10:     layout_cave_pods, david_orc_4, serial_shops, shop_statue,
          chequers_serial_rivers_room_b, uniq_josephine
D:11:     layout_roguey [special_room_bee], gauntlet_entry_generic, serial_ice,
          serial_ice_m, serial_ice_f, serial_ice_h, serial_ice_k,
          xom_redecorated
D:12:     layout_loops_ring, chequers_serial_rivers_marsh, dk_noncrumbling_2
D:13:     layout_long_grid, erik_vaults_1
D:14:     layout_stronghold, serial_bayou, serial_bayou_pond_a,
          serial_bayou_crossing, serial_bayou_lake_a, serial_bayou_pond_c
D:15:     gammafunk_enter_depths_forms, layout_loops_corners,
          minmay_misc_feat_pillars, uniq_roxanne
Temple:   compressed_dpeg_circular_temple
Lair:1:   layout_regular_city, uniq_gastronok, uniq_harold
Lair:2:   layout_roguey, gammafunk_ghost_wrathful_warriors, zaba_anthole,
          serial_bayou_shore_a, serial_bayou_shore_b, infiniplex_staircase_pool
Lair:3:   mu_elephants_graveyard, layout_cave_pods, swamp_mist, uniq_fannar
Lair:4:   layout_hall_layers, dummy_snake_entry, uniq_sonja
Lair:5:   layout_cave_pods, basic_altar
Lair:6:   wormcave, layout_long_grid, slime_dummy, uniq_rupert
Swamp:1:  layout_falls_marsh, gammafunk_ghost_arena, hangedman_swamp_pad,
          uniq_nikola, uniq_frances
Orc:1:    layout_diamond_mine, basic_altar, lightli_church_of_beogh, uniq_urug
Orc:2:    st_orc_town, layout_diamond_mine, basic_altar

Skill      XL: |  1  2  3  4  5  6  7  8  9 10 11 12 13 14 15 16 |
---------------+-------------------------------------------------+-----
Conjurations   | 2 3 4 5 6 7 9 10 11 12 13 | 13.5
Fire Magic     | 4 5 6 7 9 10 11 12 | 12.2
Fighting       | 1 2 3 4 5 7 8 9 11 12 | 12.0
Armour         | 1 2 3 4 5 6 |  6.0
Dodging        | 2 3 4 5 6 7 8 9 10 | 10.1
Spellcasting   | 3 4 5 6 7 8 9 10 11 12 | 12.0
Shields        | 1 4 |  4.0
Summonings     | 1 5 6 |  6.0
Stealth        | |  2.1

Action                   |  1- 3 |  4- 6 |  7- 9 | 10-12 | 13-15 | 16-18 || total
-------------------------+-------+-------+-------+-------+-------+-------++-------
Melee: Short sword       |     9 |       |       |       |       |       ||     9
       Dagger            |    11 |    70 |    81 |   275 |   331 |       ||   768
       Kick              |       |       |       |       |    52 |     1 ||    53
       Hand axe          |       |       |       |       |    44 |     2 ||    46
 Cast: Foxfire           |    48 |   149 |   312 |   661 |   267 |    11 ||  1448
       Sticky Flame      |       |       |     1 |    22 |   117 |     2 ||   142
       Fireball          |       |       |       |    39 |   403 |    15 ||   457
       Iskenderun's Batt |       |       |       |     1 |     2 |     1 ||     4
       Spellforged Servi |       |       |       |       |     1 |     1 ||     2
 Abil: Fly               |       |       |       |       |     1 |       ||     1
  Use: Potion            |     1 |       |       |       |     2 |       ||     3
       Scroll            |       |     1 |     8 |    17 |     9 |       ||    35
 Stab: Sleeping          |     3 |     2 |       |     1 |       |       ||     6
  Eat: Chunk             |     1 |    10 |    13 |    31 |    54 |     3 ||   112
       Ration            |       |       |       |     1 |     6 |       ||     7
Armor: Robe              |    11 |    44 |    51 |   238 |    15 |       ||   359
       Leather armour    |       |       |       |       |   249 |    12 ||   261
Dodge: Dodged            |    51 |    60 |    86 |   414 |   435 |    10 ||  1056
       Deflected         |       |     3 |    10 |    15 |     1 |       ||    29
Block: Buckler           |       |       |       |    20 |   193 |     1 ||   214

Table legend:
 A = Non-vault XP
 B = Vault XP
 C = Vault XP percentage of total XP
 D = Non-vault monster count
 E = Vault monster count
 F = Vault count percentage of total count
                 A         B        C        D         E       F
            +---------+---------+-------+---------+---------+-------
      Total |   88581 |   44748 |  33.6 |     595 |     225 |  27.4
            +---------+---------+-------+---------+---------+-------
        D:1 |      36 |       0 |   0.0 |      20 |       0 |   0.0
        D:2 |      72 |      10 |  12.2 |      18 |      10 |  35.7
        D:3 |     131 |      12 |   8.4 |      20 |       3 |  13.0
        D:4 |     436 |       0 |   0.0 |      21 |       0 |   0.0
        D:5 |     684 |     426 |  38.4 |      24 |       3 |  11.1
        D:6 |    1341 |     218 |  14.0 |      17 |       2 |  10.5
        D:7 |    1378 |       0 |   0.0 |      27 |       0 |   0.0
        D:8 |    1926 |     124 |   6.0 |      37 |       3 |   7.5
        D:9 |    1213 |    1877 |  60.7 |      28 |      19 |  40.4
       D:10 |    1439 |    2438 |  62.9 |      17 |      17 |  50.0
       D:11 |    5465 |    2862 |  34.4 |      45 |      37 |  45.1
       D:12 |    4491 |       0 |   0.0 |      32 |       0 |   0.0
       D:13 |    6558 |       0 |   0.0 |      31 |       0 |   0.0
       D:14 |    6378 |    1078 |  14.5 |      35 |       2 |   5.4
       D:15 |   14342 |    3193 |  18.2 |      39 |       7 |  15.2
     Lair:1 |    2419 |    3262 |  57.4 |      12 |       2 |  14.3
     Lair:2 |    7144 |     639 |   8.2 |      32 |       6 |  15.8
     Lair:3 |    3592 |    8372 |  70.0 |      12 |      17 |  58.6
     Lair:4 |   12136 |     820 |   6.3 |      53 |       1 |   1.9
     Lair:5 |    4033 |       0 |   0.0 |      18 |       0 |   0.0
     Lair:6 |   10395 |    9876 |  48.7 |      28 |      18 |  39.1
    Swamp:1 |     447 |       0 |   0.0 |       1 |       0 |   0.0
      Orc:1 |    1874 |    1461 |  43.8 |      24 |      11 |  31.4
      Orc:2 |     651 |    7883 |  92.4 |       4 |      59 |  93.7
     Bailey |       0 |     197 | 100.0 |       0 |       8 | 100.0
            +---------+---------+-------+---------+---------+-------
